NCAA
VILLANOVA WILDCATS @ ARIZONA WILDCATS
05/12/2029
 
TOP OF THE 1ST
Villanova Wildcats batting - Pitching for Arizona Wildcats : RHP Jean-Philippe St-Laurent
Pitching: RHP Jean-Philippe St-Laurent
Batting: RHB Bud López 0-0: Ball
1-0: SINGLE (Line Drive, 6MD)
Batting: LHB Anthony Samples 0-0: Called Strike
Throwing error on steal attempt, E2
Bud López to third
0-1: Called Strike
0-2: Foul Ball, location: 2F
0-2: Ball
1-2: Ground out 4-3 (Groundball, 34)
Bud López scores
Batting: LHB William Donnelly 0-0: Foul Ball, location: 2F
0-1: Ball
1-1: Ball
2-1: Ball
3-1: Base on Balls
Batting: RHB Paul Bell 0-0: Fielders Choice at 2nd, 1-6 (Groundball, 13S)
Batting: RHB Gary Jones 0-0: Swinging Strike
0-1: Foul Ball, location: 2F
0-2: Ball
1-2: Ball
Paul Bell is caught stealing 2nd base
Top of the 1st over - 1 run, 1 hit, 1 error, 0 left on base; Villanova 1 - Arizona 0
BOTTOM OF THE 1ST
Arizona Wildcats batting - Pitching for Villanova Wildcats : RHP Tim Hunter
Pitching: RHP Tim Hunter
Batting: RHB José Luján 0-0: Ball
1-0: Foul Ball, location: 2F
1-1: Foul Ball, location: 2F
1-2: Ball
2-2: Fly out, F6 (Line Drive, 6)
Batting: RHB Edison Jones 0-0: Ball
1-0: Fly out, F9 (Flyball, 89M)
Batting: RHB Jon Hartley 0-0: Fly out, F9 (Flyball, 9S)
Bottom of the 1st over - 0 runs, 0 hits, 0 errors, 0 left on base; Villanova 1 - Arizona 0
TOP OF THE 2ND
Villanova Wildcats batting - Pitching for Arizona Wildcats : RHP Jean-Philippe St-Laurent
Batting: RHB Gary Jones 0-0: Ball
1-0: Called Strike
1-1: Foul Ball, location: 2F
1-2: Strikes out swinging
Batting: RHB Clay Cowden 0-0: Ball
1-0: Foul Ball, location: 2F
1-1: Ball
2-1: Ball
3-1: Base on Balls
Batting: RHB Howard Lynch 0-0: Called Strike
0-1: Ball
1-1: Ball
2-1: Ball
3-1: SINGLE (Groundball, 56D)
Clay Cowden to second
Batting: LHB José Gómez 0-0: Called Strike
0-1: Swinging Strike
0-2: Ball
1-2: Strikes out swinging
Batting: SHB Neil Floyd 0-0: Foul Ball, location: 2F
0-1: Ball
1-1: Swinging Strike
1-2: Strikes out swinging
Top of the 2nd over - 0 runs, 1 hit, 0 errors, 2 left on base; Villanova 1 - Arizona 0
BOTTOM OF THE 2ND
Arizona Wildcats batting - Pitching for Villanova Wildcats : RHP Tim Hunter
Batting: RHB Thomas Bravo 0-0: Swinging Strike
0-1: Ball
1-1: Called Strike
1-2: Foul Ball, location: 2F
1-2: Ball
2-2: Ball
3-2: Base on Balls
Batting: RHB Nate Fisher 0-0: Fly out, F9 (Flyball, 9S)
Batting: SHB Andrew Walters 0-0: Ball
1-0: Foul Ball, location: 2F
1-1: Ball
2-1: Fly out, F8 (Flyball, 8LM)
Batting: RHB Sergio Genera 0-0: Ball
1-0: Ground out 5-3 (Groundball, 56S)
Bottom of the 2nd over - 0 runs, 0 hits, 0 errors, 1 left on base; Villanova 1 - Arizona 0
TOP OF THE 3RD
Villanova Wildcats batting - Pitching for Arizona Wildcats : RHP Jean-Philippe St-Laurent
Batting: RHB Bud López 0-0: Swinging Strike
0-1: Called Strike
0-2: Ball
1-2: Strikes out swinging
Batting: LHB Anthony Samples 0-0: Ball
1-0: Fly out, F8 (Flyball, 89D)
Batting: LHB William Donnelly 0-0: Foul Ball, location: 2F
0-1: Foul Ball, location: 2F
0-2: Ball
1-2: Ball
2-2: Ball
3-2: Foul Ball, location: 2F
3-2: Foul Ball, location: 2F
3-2: Foul Ball, location: 2F
3-2: Fly out, F8 (Flyball, 78M)
Top of the 3rd over - 0 runs, 0 hits, 0 errors, 0 left on base; Villanova 1 - Arizona 0
BOTTOM OF THE 3RD
Arizona Wildcats batting - Pitching for Villanova Wildcats : RHP Tim Hunter
Batting: RHB Bill Ford 0-0: Swinging Strike
0-1: Ground out 6-3 (Groundball, 6)
Batting: LHB Reginald Stokes 0-0: Called Strike
0-1: Foul Ball, location: 2F
0-2: Ground out 4-3 (Groundball, 4)
Batting: RHB José Luján 0-0: Ball
1-0: Ball
2-0: Called Strike
2-1: Ground out 6-3 (Groundball, 6D)
Bottom of the 3rd over - 0 runs, 0 hits, 0 errors, 0 left on base; Villanova 1 - Arizona 0
TOP OF THE 4TH
Villanova Wildcats batting - Pitching for Arizona Wildcats : RHP Jean-Philippe St-Laurent
Batting: RHB Paul Bell 0-0: Foul Ball, location: 2F
0-1: Ball
1-1: Ball
2-1: Ball
3-1: Called Strike
3-2: Foul Ball, location: 2F
3-2: Base on Balls
Batting: RHB Gary Jones 0-0: Foul Ball, location: 2F
0-1: Fly out, F8 (Flyball, 8RM)
Batting: RHB Clay Cowden 0-0: Called Strike
Paul Bell is caught stealing 2nd base
0-1: Swinging Strike
0-2: Foul Ball, location: 2F
0-2: Ball
1-2: Ball
2-2: Strikes out swinging
Top of the 4th over - 0 runs, 0 hits, 0 errors, 0 left on base; Villanova 1 - Arizona 0
BOTTOM OF THE 4TH
Arizona Wildcats batting - Pitching for Villanova Wildcats : RHP Tim Hunter
Batting: RHB Edison Jones 0-0: Called Strike
0-1: Ball
1-1: Foul Ball, location: 2F
1-2: Strikes out swinging
Batting: RHB Jon Hartley 0-0: Called Strike
0-1: Ball
1-1: Ball
2-1: Fly out, F8 (Flyball, 8LXD)
Batting: RHB Thomas Bravo 0-0: Ball
1-0: Fly out, F8 (Flyball, 8RM)
Bottom of the 4th over - 0 runs, 0 hits, 0 errors, 0 left on base; Villanova 1 - Arizona 0
TOP OF THE 5TH
Villanova Wildcats batting - Pitching for Arizona Wildcats : RHP Jean-Philippe St-Laurent
Batting: RHB Howard Lynch 0-0: Foul Ball, location: 2F
0-1: Ball
1-1: Fly out, F2 (Popup, 23F)
Batting: LHB José Gómez 0-0: Called Strike
0-1: Foul Ball, location: 2F
0-2: SINGLE (Line Drive, 78S)
Batting: SHB Neil Floyd 0-0: Ball
1-0: Fly out, F7 (Flyball, 7)
Batting: RHB Bud López 0-0: Called Strike
0-1: Ball
1-1: Swinging Strike
1-2: Ball
2-2: Strikes out swinging
Top of the 5th over - 0 runs, 1 hit, 0 errors, 1 left on base; Villanova 1 - Arizona 0
BOTTOM OF THE 5TH
Arizona Wildcats batting - Pitching for Villanova Wildcats : RHP Tim Hunter
Batting: RHB Nate Fisher 0-0: Called Strike
0-1: Ball
1-1: Swinging Strike
1-2: Ground out 6-3 (Groundball, 6)
Batting: SHB Andrew Walters 0-0: Foul Ball, location: 2F
0-1: Foul Ball, location: 2F
0-2: Foul Ball, location: 2F
0-2: SINGLE (Line Drive, 6M)
Batting: RHB Sergio Genera 0-0: Called Strike
0-1: Foul Ball, location: 2F
0-2: Ball
1-2: Ball
2-2: Foul Ball, location: 2F
2-2: Fly out, F7 (Line Drive, 78M)
Batting: RHB Bill Ford 0-0: Foul Ball, location: 2F
0-1: Called Strike
0-2: Strikes out looking
Bottom of the 5th over - 0 runs, 1 hit, 0 errors, 1 left on base; Villanova 1 - Arizona 0
TOP OF THE 6TH
Villanova Wildcats batting - Pitching for Arizona Wildcats : RHP Jean-Philippe St-Laurent
Pitching: RHP Mike Meadows
Batting: LHB Anthony Samples 0-0: Ball
1-0: Swinging Strike
1-1: Foul Ball, location: 2F
1-2: Strikes out swinging
Batting: LHB William Donnelly 0-0: Foul Ball, location: 2F
0-1: Ball
1-1: Ball
2-1: Ball
3-1: Base on Balls
Batting: RHB Paul Bell 0-0: Ball
1-0: Ball
2-0: Called Strike
2-1: Ball
3-1: Called Strike
3-2: Foul Ball, location: 2F
3-2: Foul Ball, location: 2F
3-2: SINGLE (Line Drive, 6M)
William Donnelly to second
Batting: RHB Gary Jones 0-0: Called Strike
0-1: Ball
1-1: Ball
2-1: Ball
3-1: Foul Ball, location: 2F
3-2: Foul Ball, location: 2F
3-2: Fly out, F3 (Popup, 3SF)
Batting: RHB Clay Cowden 0-0: Ball
Wild Pitch!
William Donnelly to third
Paul Bell to second
1-0: Swinging Strike
1-1: Ball
2-1: Swinging Strike
2-2: Strikes out looking
Top of the 6th over - 0 runs, 1 hit, 0 errors, 2 left on base; Villanova 1 - Arizona 0
BOTTOM OF THE 6TH
Arizona Wildcats batting - Pitching for Villanova Wildcats : RHP Tim Hunter
Batting: LHB Reginald Stokes 0-0: Foul Ball, location: 2F
0-1: Fly out, F8 (Flyball, 8LS)
Batting: RHB José Luján 0-0: Ground out 6-3 (Groundball, 6M)
Batting: RHB Edison Jones 0-0: Ball
1-0: Ball
2-0: Foul Ball, location: 2F
2-1: Ball
3-1: Base on Balls
Batting: RHB Jon Hartley 0-0: Called Strike
0-1: Foul Ball, location: 2F
0-2: Ball
1-2: Ball
2-2: Foul Ball, location: 2F
2-2: Foul Ball, location: 2F
2-2: Foul Ball, location: 2F
2-2: Ball
3-2: Strikes out looking
Bottom of the 6th over - 0 runs, 0 hits, 0 errors, 1 left on base; Villanova 1 - Arizona 0
TOP OF THE 7TH
Villanova Wildcats batting - Pitching for Arizona Wildcats : RHP Mike Meadows
Batting: RHB Howard Lynch 0-0: Ball
1-0: Ball
2-0: Foul Ball, location: 2F
2-1: Foul Ball, location: 2F
2-2: Ball
3-2: Base on Balls
Pinch Hitting: RHB Michael Boulanger 0-0: Bunt missed!
0-1: Sac Bunt - play at first, batter OUT! 2-4
Howard Lynch to second
Pinch Hitting: RHB Mario Ramírez 0-0: Ball
1-0: Foul Ball, location: 2F
1-1: Ball
2-1: Ball
3-1: Base on Balls
Batting: RHB Bud López 0-0: Ball
1-0: Ball
2-0: Ball
3-0: Called Strike
3-1: DOUBLE (Flyball, 8LD)
Howard Lynch scores
Mario Ramírez to third
Runner from 3rd tries for Home, SAFE, no throw
Pitching: LHP Pat Jenkins
Batting: LHB Anthony Samples 0-0: Fly out, F9 (Flyball, 89S)
Batting: LHB William Donnelly 0-0: Called Strike
0-1: Ball
1-1: Ball
2-1: Ball
3-1: Called Strike
3-2: Strikes out swinging
Top of the 7th over - 2 runs, 1 hit, 0 errors, 1 left on base; Villanova 3 - Arizona 0
BOTTOM OF THE 7TH
Arizona Wildcats batting - Pitching for Villanova Wildcats : RHP Tim Hunter
Now at 3B: Michael Boulanger
Now at SS: Mario Ramírez
Batting: RHB Thomas Bravo 0-0: Ball
1-0: Foul Ball, location: 2F
1-1: Swinging Strike
1-2: Ball
2-2: Foul Ball, location: 2F
2-2: Ground out 6-3 (Groundball, 6)
Pitching: RHP Bill Pearson
Batting: RHB Nate Fisher 0-0: Swinging Strike
0-1: Ball
1-1: Ball
2-1: Ball
3-1: Base on Balls
Batting: SHB Andrew Walters 0-0: Ball
1-0: Foul Ball, location: 2F
1-1: Ball
2-1: Ball
3-1: Base on Balls
Nate Fisher to second
Batting: RHB Sergio Genera 0-0: Ball
1-0: 3-RUN HOME RUN (Flyball, 7LD), Distance : 318 ft
Pitching: LHP Chris Muller
Batting: RHB Bill Ford 0-0: Ball
1-0: Ball
2-0: Ball
3-0: Foul Ball, location: 2F
3-1: Foul Ball, location: 2F
3-2: Ground out U3 (Groundball, 3)
Pinch Hitting: RHB Chris Forrest 0-0: Ball
1-0: Foul Ball, location: 2F
1-1: Foul Ball, location: 2F
1-2: Foul Ball, location: 2F
1-2: SINGLE (Flyball, 9S)
Batting: RHB José Luján 0-0: Ball
1-0: Ball
2-0: Foul Ball, location: 2F
2-1: SINGLE (Line Drive, 78M)
Chris Forrest to second
Batting: RHB Edison Jones 0-0: Called Strike
0-1: Ball
1-1: Called Strike
1-2: Fly out, F7 (Flyball, 7LD)
Bottom of the 7th over - 3 runs, 3 hits, 0 errors, 2 left on base; Villanova 3 - Arizona 3
TOP OF THE 8TH
Villanova Wildcats batting - Pitching for Arizona Wildcats : LHP Pat Jenkins
Now in LF: Chris Forrest
Batting: RHB Paul Bell 0-0: Ball
1-0: Called Strike
1-1: Fly out, F7 (Line Drive, 78M)
Batting: RHB Gary Jones 0-0: DOUBLE (Line Drive, 9LM)
Batting: RHB Clay Cowden 0-0: Swinging Strike
0-1: Ball
1-1: Ball
2-1: Swinging Strike
2-2: Ball
3-2: Base on Balls
Batting: RHB Howard Lynch 0-0: Ball
1-0: Foul Ball, location: 2F
1-1: DOUBLE (Flyball, 78D)
Gary Jones scores
Clay Cowden to third
Batting: RHB Michael Boulanger 0-0: Intentional Walk
Batting: RHB Mario Ramírez 0-0: Ball
1-0: Ball
2-0: Called Strike
2-1: Foul Ball, location: 2F
2-2: Ball
3-2: Foul Ball, location: 2F
3-2: Strikes out swinging
Batting: RHB Bud López 0-0: Foul Ball, location: 2F
0-1: Called Strike
0-2: Foul Ball, location: 2F
0-2: Fly out, F9 (Flyball, 89S)
Top of the 8th over - 1 run, 2 hits, 0 errors, 3 left on base; Villanova 4 - Arizona 3
BOTTOM OF THE 8TH
Arizona Wildcats batting - Pitching for Villanova Wildcats : LHP Chris Muller
Batting: RHB Jon Hartley 0-0: Ball
1-0: Called Strike
1-1: Called Strike
1-2: Ball
2-2: SINGLE (Flyball, 7S)
Pitching: RHP Rob Rojas
Batting: RHB Thomas Bravo 0-0: Ball
1-0: Ball
2-0: Ball
3-0: Called Strike
3-1: Foul Ball, location: 2F
3-2: Base on Balls
Jon Hartley to second
Batting: RHB Nate Fisher 0-0: Called Strike
0-1: Swinging Strike
0-2: Ball
1-2: Foul Ball, location: 2F
1-2: DOUBLE (Flyball, 8RD)
Jon Hartley scores
Thomas Bravo to third
Batting: SHB Andrew Walters 0-0: Called Strike
0-1: Ball
1-1: Ground out U3 (Groundball, 3L)
Batting: RHB Sergio Genera 0-0: Intentional Walk
Batting: RHB Bill Ford 0-0: Ball
1-0: Swinging Strike
1-1: Ball
2-1: SINGLE (Line Drive, 4M)
Thomas Bravo scores
Nate Fisher to third
Sergio Genera to second
Runner from 3rd tries for Home, SAFE, no throw
Batting: RHB Chris Forrest 0-0: Called Strike
0-1: Foul Ball, location: 2F
0-2: Ball
1-2: Ball
2-2: Fly out, F5 (Line Drive, 5L)
Batting: RHB José Luján 0-0: Ball
1-0: Ball
2-0: Ball
3-0: Called Strike
3-1: Base on Balls
Sergio Genera to third
Bill Ford to second
Batting: RHB Edison Jones 0-0: Ball
1-0: Fly out, F6 (Line Drive, 6M)
Bottom of the 8th over - 3 runs, 3 hits, 0 errors, 3 left on base; Villanova 4 - Arizona 6
TOP OF THE 9TH
Villanova Wildcats batting - Pitching for Arizona Wildcats : LHP Pat Jenkins
Pitching: LHP Mathew Hart
Batting: LHB Anthony Samples 0-0: Ball
1-0: Called Strike
1-1: Ball
2-1: Ball
3-1: Foul Ball, location: 2F
3-2: Ground out 4-3 (Groundball, 34)
Batting: LHB William Donnelly 0-0: Ball
1-0: Swinging Strike
1-1: Called Strike
1-2: Strikes out looking
Batting: RHB Paul Bell 0-0: Ball
1-0: Ball
2-0: Called Strike
2-1: Ball
3-1: Foul Ball, location: 2F
3-2: Foul Ball, location: 2F
3-2: Foul Ball, location: 2F
3-2: Base on Balls
Batting: RHB Gary Jones 0-0: SINGLE (Groundball, 56D)
Paul Bell to second
Batting: RHB Clay Cowden 0-0: Ball
1-0: Swinging Strike
1-1: Called Strike
1-2: Ball
2-2: Foul Ball, location: 2F
2-2: Strikes out swinging
Top of the 9th over - 0 runs, 1 hit, 0 errors, 2 left on base; Villanova 4 - Arizona 6
Saturday, December 16th, 2017 - OOTP Baseball 18.8 Build 76